[Event "Saint Louis Masters"]
[Date "2024.12.03"]
[White "Dudin, Gleb"]
[Black "Caruana, Fabiano"]
[WhiteElo "2506"]
[BlackElo "2805"]
[Round "1.1"]
[Result "0-1"]
[TimeControl "5400+30"]

1. d4 Nf6 2.
c4 e6 3. Nc3 d5 4. Bg5 Nbd7 5. e3 h6 6. Bh4 Be7 7. Qc2 O-O 8. cxd5 exd5 9. Bd3 c6 10. Nge2 Re8 11. a4 Ne4 12. Bxe7 Qxe7 13.
Bxe4 dxe4 14. a5 Nf6 15. O-O Bf5 16. Qa4 Rad8 17. Qa3 Qd7 18. a6 b6 19. Qa4 h5 20. Rfc1 h4 21. d5 c5 22. Rd1 h3 23. Rd2 Qe7 24. Ng3 Bd7 25. Qc4 Qe5 26. d6 hxg2 27. Nd5 Nxd5 28. Rxd5 Qxb2 29. Rad1 Bb5 0-1

[Site "Europe Echecs"]

[Event "Saint Louis Masters"]
[Date "2024.12.03"]
[White "Robson, Ray"]
[Black "Budisavljevic, Luka"]
[WhiteElo "2700"]
[BlackElo "2501"]
[Round "1.2"]
[Result "1/2-1/2"]
[TimeControl "5400+30"]

1. e4 c5 2.
Nf3 e6 3. d4 cxd4 4. Nxd4 Nf6 5. Nc3 Nc6 6. a3 Be7 7. Nxc6 bxc6 8. e5 Nd5 9. Qg4 g6 10. Bd2 d6 11. exd6 Bxd6 12. h4 Be5 13. h5 Nxc3 14.
Bxc3 Qf6 15.
Rh3 Rb8 16.
O-O-O Bf4+ 17. Kb1 e5 18. Qf3 Bxh3 19. Qxh3 O-O 20. g3 Bh6 21. hxg6 Qxg6 22. Bd3 e4 23. Bxe4 f5 24. Bd3 Bg7 25. Bc4+ Kh8 26. Bxg7+ Qxg7 27. Bb3 a5 28. Qh4 f4 29. Qh3 fxg3 30. fxg3 Qf6 31. Qg4 Rg8 32. Qa4 Rg5 33. Rd7 Rg7 34. Rxg7 Qxg7 35. Qxa5 Qxg3 36. Qc5 Rc8 37. a4 Qg6 38. a5 Qf6 39. c3 Re8 40. Bc4 Re5 41. Qd4 Re1+ 42. Kc2 Qxd4 43. cxd4 h5 44. a6 Ra1 45. b4 h4 46. d5 cxd5 47. Kb2 Ra4 48. Kb3 Ra1 49. Kb2 Ra4 50. Kb3 Ra1 1/2-1/2

[Site "Europe Echecs"]

[Event "Saint Louis Masters"]
[Date "2024.12.03"]
[White "Ghazarian, Kirk"]
[Black "Sevian, Samuel"]
[WhiteElo "2501"]
[BlackElo "2696"]
[Round "1.3"]
[Result "1/2-1/2"]
[TimeControl "5400+30"]

1. d4 Nf6 2.
c4 g6 3. g3 d6 4. Bg2 c5 5. dxc5 Qa5+ 6. Nc3 Qxc5 7. Bd2 Bg7 8. Rc1 O-O 9. b3 Qb6 10. Nh3 Bd7 11. Nf4 Bc6 12. e4 e6 13. O-O Na6 14. Qe2 Rfd8 15.
Rfd1 Nc5 16.
Rb1 a5 17.
Be3 Qc7 18.
Bd4 Qe7 19.
Bxc5 dxc5 20. e5 Bxg2 21. Kxg2 Nd7 22. Nd3 Nb8 23. Nb5 Nc6 24. f4 a4 25. Nf2 axb3 26. axb3 f6 27. exf6 Bxf6 28. Rxd8+ Rxd8 29. Rd1 1/2-1/2

[Site "Europe Echecs"]

[Event "Saint Louis Masters"]
[Date "2024.12.03"]
[White "Shankland, Sam"]
[Black "Hardaway, Brewington"]
[WhiteElo "2672"]
[BlackElo "2499"]
[Round "1.4"]
[Result "1-0"]
[TimeControl "5400+30"]

1. d4 d5 2.
Nf3 Nf6 3.
Bf4 c5 4. e3 Nc6 5. h3 Qb6 6. Nc3 c4 7. Rb1 Qa5 8. Nd2 Bf5 9. g4 Bg6 10. h4 h5 11. g5 Nd7 12. Bg2 e6 13. O-O Bb4 14. e4 Nxd4 15.
exd5 Bxc2 16. Nxc4 Qc5 17. Nd6+ Kf8 18. Nde4 Qc4 19. Qd2 Bxe4 20. Bxe4 exd5 21. Bg2 Bxc3 22. Bd6+ Kg8 23. bxc3 Ne2+ 24. Kh2 Nxc3 25. Rxb7 Qc6 26. Rxd7 Qxd7 27. Be5 Rc8 28. Re1 Qg4 29. Bxc3 Qxh4+ 30. Kg1 Rxc3 31. Qxc3 Qxg5 32. Re5 Qg4 33. Qd3 g6 34. Qxd5 Kg7 35. Re4 Qc8 36. Qd4+ Kh7 37. Re7 Qf5 38. Qd5 1-0

[Site "Europe Echecs"]

[Event "Saint Louis Masters"]
[Date "2024.12.03"]
[White "Chandra, Akshat"]
[Black "Saric, Ivan"]
[WhiteElo "2474"]
[BlackElo "2669"]
[Round "1.5"]
[Result "1/2-1/2"]
[TimeControl "5400+30"]

1. Nf3 Nf6 2. c4 g6 3.
g3 Bg7 4.
Bg2 O-O 5.
O-O c6 6. b3 d6 7. Bb2 e5 8. d3 Re8 9. Nbd2 Nbd7 10. e4 a5 11. Re1 b5 12. a3 Qb6 13. h3 Nh5 14. b4 axb4 15.
axb4 Rxa1 16. Qxa1 Ba6 17. cxb5 Bxb5 18. d4 Bh6 19. Kh2 Nf8 20. Qa5 Qxa5 21. bxa5 exd4 22. Bxd4 Ne6 23. Bb6 Nf6 24. Bf1 Bxf1 25. Rxf1 Ra8 26. Rd1 Bxd2 27. Nxd2 d5 28. exd5 cxd5 29. Nf3 Kf8 30. Ne5 Ke7 31. g4 Ke8 32. f3 g5 33. Kg3 h5 34. h4 gxh4+ 35. Kxh4 hxg4 36. Nxg4 Nd7 37. Rxd5 Ke7 38. Kg3 Nxb6 39. axb6 Rb8 40. Rb5 Kd6 41. Ne5 Nd4 42. Nc4+ Kc6 43. Rb2 Kc5 44. Ne5 Rb7 45. Nxf7 Rxb6 46. Rxb6 Kxb6 47. f4 Ne2+ 48. Kg4 Nxf4 1/2-1/2

[Site "Europe Echecs"]

[Event "Saint Louis Masters"]
[Date "2024.12.03"]
[White "Oparin, Grigoriy"]
[Black "Heimann, Mark"]
[WhiteElo "2653"]
[BlackElo "2459"]
[Round "1.6"]
[Result "0-1"]
[TimeControl "5400+30"]

1. e4 e5 2.
Nf3 Nc6 3.
Bc4 Nf6 4.
d3 h6 5. O-O Bc5 6. Nc3 O-O 7. h3 Re8 8. a3 a6 9. Be3 d6 10. Nd5 Be6 11. Bxc5 dxc5 12. Ne3 Bxc4 13.
Nxc4 b5 14.
Ne3 Nd4 15.
b3 Nh7 16.
Nxd4 cxd4 17. Nf5 Nf8 18. f4 Ng6 19. Qg4 exf4 20. Rxf4 c5 21. h4 h5 22. Qg3 Qc7 23. Raf1 c4 24. Qg5 Qd8 25. Qxh5 Nxf4 26. Rxf4 Qf6 27. Qf3 cxb3 28. cxb3 Kh8 29. Ng3 Qh6 30. Nf5 Qf6 31. g3 Re5 32. Kg2 Rae8 33. Nxd4 Qd6 34. Nf5 Qc6 35. Ne3 Qc3 36. Ng4 R5e7 37. Rxf7 Rxf7 38. Qxf7 Qc2+ 39. Nf2 Rd8 40. e5 Qc5 41. Qh5+ Kg8 42. b4 Qd5+ 43. Kg1 Rf8 44. Qe2 Rf5 45. Ne4 Rxe5 46. Kh2 Qb3 47. Qg4 Qxd3 48. Qc8+ Kh7 49. Ng5+ Kg6 50. Qc6+ Kh5 51. Nf3 Re2+ 52. Kh1 Qb1+ 53. Ng1 Qe4+ 0-1

[Site "Europe Echecs"]

[Event "Saint Louis Masters"]
[Date "2024.12.03"]
[White "Stearman, Josiah"]
[Black "Aryan Chopra"]
[WhiteElo "2443"]
[BlackElo "2637"]
[Round "1.7"]
[Result "1/2-1/2"]
[TimeControl "5400+30"]

1. e4 c5 2.
Nf3 e6 3. c3 Nf6 4. e5 Nd5 5. d4 cxd4 6. cxd4 d6 7. Bc4 Be7 8. O-O O-O 9. Bxd5 exd5 10. Nc3 Be6 11. Qb3 b6 12. Nxd5 Kh8 13. Rd1 a6 14. Ne1 Qd7 15. Qf3 Bg4 16. Qe4 Bxd1 17.
Nxe7 Ra7 18.
Nf5 d5 19.
Qf4 Qe6 20.
Bd2 Bh5 21.
Rc1 Bg6 22.
g4 a5 23.
Nf3 f6 24.
N3h4 Nc6 25.
Nxg6+ hxg6 26. Nh4 Kh7 27. g5 Nxd4 28. Qxd4 fxe5 29. Re1 Re7 30. Qe3 Qg4+ 31. Qg3 1/2-1/2

[Site "Europe Echecs"]

[Event "Saint Louis Masters"]
[Date "2024.12.03"]
[White "Hakobyan, Aram"]
[Black "Bilych, Oleksii"]
[WhiteElo "2625"]
[BlackElo "2435"]
[Round "1.8"]
[Result "1-0"]
[TimeControl "5400+30"]

1. d4 Nf6 2.
c4 e6 3. Nf3 Bb4+ 4. Bd2 Be7 5. Nc3 O-O 6. Bf4 Nh5 7. Bd2 d5 8. e3 Nf6 9. cxd5 exd5 10. Bd3 Re8 11. O-O c5 12. dxc5 Bxc5 13. Rc1 Nc6 14. h3 d4 15. exd4 Nxd4 16. Bg5 Ne6 17. Qc2 Nxg5 18.
Nxg5 h6 19.
Bh7+ Kf8 20.
Nxf7 Kxf7 21. Rfd1 Bxf2+ 22. Kh1 Qb6 23. Bg6+ Kf8 24. Bxe8 Bxh3 25. Rf1 Bd4 26. Nd5 Qxb2 27. Nc7 Bxg2+ 28. Qxg2 Qxg2+ 29. Kxg2 Rxe8 30. Nxe8 Kxe8 31. Rc7 Kf8 32. Rxb7 Kg8 33. Rd1 Bb6 34. a4 Ne4 35. Rdd7 Nc5 36. Rxg7+ Kf8 37. Rbf7+ Ke8 38. a5 1-0

[Site "Europe Echecs"]

[Event "Saint Louis Masters"]
[Date "2024.12.03"]
[White "Chen, Ryo"]
[Black "Mishra, Abhimanyu"]
[WhiteElo "2419"]
[BlackElo "2616"]
[Round "1.9"]
[Result "1/2-1/2"]
[TimeControl "5400+30"]

1. e4 e6 2.
d4 d5 3. Nd2 c5 4. Ngf3 cxd4 5. Nxd4 Nc6 6. Bb5 Bd7 7. Nxc6 bxc6 8. Bd3 Bd6 9. Qe2 Qc7 10. Nf3 dxe4 11.
Qxe4 Nf6 12.
Qh4 h6 13.
Nd2 Nd5 14.
Nc4 Bb4+ 15.
c3 Nxc3 16.
a3 Be7 17.
Qg4 Nd5 18.
Qxg7 Bf6 19.
Qg4 Ke7 20.
O-O Rag8 1/2-1/2

[Site "Europe Echecs"]

[Event "Saint Louis Masters"]
[Date "2024.12.03"]
[White "Theodorou, Nikolas"]
[Black "Chasin, Nico"]
[WhiteElo "2600"]
[BlackElo "2417"]
[Round "1.10"]
[Result "1/2-1/2"]
[TimeControl "5400+30"]

1. d4 Nf6 2.
c4 e6 3. Nf3 h6 4. a3 d5 5. Nc3 c6 6. e3 Nbd7 7. Qc2 Bd6 8. Be2 O-O 9. O-O e5 10. cxd5 cxd5 11. Nb5 Bb8 12. dxe5 Nxe5 13.
Nxe5 Bxe5 14. Bd2 a6 15. Bc3 Bb8 16. Bxf6 Qxf6 17. Nd4 Qd6 18. g3 Be6 19. Rac1 Ba7 20. Qc7 Qxc7 21. Rxc7 Bxd4 22. exd4 Rab8 23. Rfc1 Rfc8 24. f4 Kf8 25. Bf3 Rxc7 26. Rxc7 Ke8 27. Kf2 Kd8 28. Rc3 Kd7 29. Rb3 Kd6 30. Ke3 Bd7 31. Kd2 b6 32. Bh5 g6 33. Be2 a5 34. h4 h5 35. Bd3 Bf5 36. Bb5 Rc8 37. Rc3 Rxc3 38. Kxc3 Bd7 39. Bd3 f5 40. b4 Kc7 41. Be2 Kd6 42. Bf3 Bb5 43. Bd1 a4 44. Bf3 Ke6 45. Kd2 Kd6 46. Bd1 Ke6 47. Bf3 Kd6 48. Bd1 1/2-1/2

[Site "Europe Echecs"]

[Event "Saint Louis Masters"]
[Date "2024.12.03"]
[White "Caruana, Fabiano"]
[Black "Kevlishvili, Robby"]
[WhiteElo "2805"]
[BlackElo "2556"]
[Round "2.1"]
[Result "1-0"]
[TimeControl "5400+30"]

1. e4 c5 2.
Nf3 Nc6 3.
Bb5 d6 4.
O-O Bd7 5.
Re1 Nf6 6.
c3 a6 7. Bf1 Bg4 8. h3 Bxf3 9. Qxf3 e6 10. d3 Be7 11. Nd2 O-O 12. Qd1 d5 13. e5 Nd7 14. Nf3 d4 15. g3 a5 16. a4 Qb8 17. Qe2 b5 18. axb5 Qxb5 19. c4 Qb8 20. h4 Bd8 21. Bf4 Ra6 22. h5 Rb6 23. Qe4 Qc8 24. Re2 Re8 25. Bh3 Qb7 26. Nh2 Nb4 27. Qxb7 Rxb7 28. Ra3 Bc7 29. Ng4 Nc6 30. h6 g6 31. Bg2 Rb6 32. Bd2 Ra8 33. f4 Raa6 34. Bc1 Ne7 35. Bf3 Kf8 36. Kg2 Ng8 37. b3 f5 38. exf6 Ndxf6 39.
Nxf6 Nxf6 40. Rea2 Rb8 41. g4 Ng8 42. g5 Ne7 43. Bd2 Nf5 44. Be4 Kg8 45. Kf3 Ne3 46. Bxa5 Bd6 47. Bd2 Rxa3 48. Rxa3 Rf8 49. Ke2 Bxf4 50. Ra5 Bd6 51. b4 cxb4 52. c5 Bg3 53. Bf3 Rb8 54. Bc1 Nd5 55. Bxd5 exd5 56. Bb2 Re8+ 57. Kf3 Re3+ 58. Kg4 Kf7 59. Ra7+ Ke6 60. Bxd4 Rxd3 61. Bf6 d4 62. Rxh7 Bf2 63. Re7+ Kd5 64. h7 Rg3+ 65. Kf4 Rh3 66. h8=Q Rxh8 67. Bxh8 1-0

[Site "Europe Echecs"]

[Event "Saint Louis Masters"]
[Date "2024.12.03"]
[White "Kantor, Gergely"]
[Black "Shankland, Sam"]
[WhiteElo "2550"]
[BlackElo "2672"]
[Round "2.2"]
[Result "0-1"]
[TimeControl "5400+30"]

1. d4 Nf6 2. c4 g6 3. Nc3 Bg7 4. e4 d6 5. Nf3 O-O 6. Be2 e5 7. O-O Na6 8. Be3 c6 9. dxe5 dxe5 10. Qxd8 Rxd8 11. Nxe5 Nxe4 12. Nxe4 Bxe5 13. Rad1 Bf5 14. Ng3 Be6 15. Rxd8+ Rxd8 16. b3 b6 17. Rd1 Rxd1+ 18. Bxd1 c5 19. Ne4 Bf5 20. f4 Bxe4 21.
fxe5 Nb4 22.
a3 Nc6 23.
Bf4 Kf8 24.
Kf2 Ke7 25.
g3 h5 26.
Ke3 Bf5 27.
Kd2 Bg4 28.
Bc2 Nd4 29.
Kc3 Ke6 30.
b4 Ne2+ 31.
Kd2 Nxf4 32.
gxf4 g5 33.
fxg5 Kxe5 34. bxc5 bxc5 35. Ke3 Bf5 36. Bd1 h4 37. Be2 Be6 38. Bd3 a5 39. Be2 Kf5 40. Bf1 Kxg5 41. Be2 Kf5 42. Kf3 Ke5 43. Ke3 f5 44. Bf1 Bd7 45. Be2 Bc6 46. Bf1 f4+ 47. Kd3 Be4+ 48. Kc3 f3 49. Bh3 Bf5 50. Bf1 Ke4 51. Bd3+ Kf4 52. Bf1 Ke3 0-1

[Site "Europe Echecs"]

[Event "Saint Louis Masters"]
[Date "2024.12.03"]
[White "Chirila, Ioan-Cristian"]
[Black "Hakobyan, Aram"]
[WhiteElo "2530"]
[BlackElo "2625"]
[Round "2.3"]
[Result "0-1"]
[TimeControl "5400+30"]

1. e4 e6 2.
d4 d5 3. e5 c5 4. c3 Nc6 5. Nf3 Bd7 6. Bd3 cxd4 7. cxd4 Qb6 8. O-O Nxd4 9. Nxd4 Qxd4 10. Re1 Ne7 11. Nc3 a6 12. Be3 Qxe5 13. Qb3 d4 14. f4 Qa5 15. Bxd4 Nc6 16. Be3 Bc5 17. Ne4 Bxe3+ 18.
Rxe3 Qb4 19.
Qc2 Ne7 20.
Qf2 Bc6 21.
Rc1 Rd8 22.
a3 Qd4 23.
Rc4 Qb6 24.
Nc5 Bb5 25.
Rc2 O-O 26.
Bxh7+ Kxh7 27. Qh4+ Kg8 28. Qxe7 Rd1+ 29. Kf2 Rf1+ 30. Kg3 e5 31. Rxe5 Qg6+ 32. Rg5 Qxc2 33. Ne4 Qd3+ 0-1

[Site "Europe Echecs"]

[Event "Saint Louis Masters"]
[Date "2024.12.03"]
[White "Moradiabadi, Elshan"]
[Black "Zhou, Jianchao"]
[WhiteElo "2512"]
[BlackElo "2572"]
[Round "2.4"]
[Result "0-1"]
[TimeControl "5400+30"]

1. e4 c5 2.
Nf3 d6 3.
Bb5+ Bd7 4.
Bxd7+ Qxd7 5. O-O Nf6 6. Re1 Nc6 7. c3 e6 8.
d4 cxd4 9.
cxd4 d5 10.
e5 Ne4 11.
a3 Be7 12.
Nbd2 Nxd2 13. Bxd2 O-O 14. Rc1 Rac8 15. Rc3 Nb8 16. Rd3 Qc7 17. Bc3 b5 18. Qd2 Nc6 19. h4 a5 20. Qe3 b4 21. Bd2 bxa3 22. bxa3 a4 23. Qf4 Na5 24. Qg4 Kh8 25. Bg5 Nb3 26. Qh5 Qd7 27. Bxe7 Qxe7 28. Ng5 h6 29. Red1 Rc7 30. Rf3 Kg8 31. Rdd3 Qxa3 32. Kh2 Qe7 33. Rf6 Nxd4 34. Rxd4 gxf6 35. Rg4 fxg5 36. hxg5 Ra8 37. f4 Rcc8 38. Qxh6 Qf8 39. Qh5 Rc7 40. g6 fxg6 41. Qxg6+ Rg7 42. Qxe6+ Qf7 43. Rxg7+ Kxg7 44. Qg4+ Kh8 0-1

[Site "Europe Echecs"]

[Event "Saint Louis Masters"]
[Date "2024.12.03"]
[White "Vazquez, Guillermo"]
[Black "Woodward, Andy"]
[WhiteElo "2569"]
[BlackElo "2530"]
[Round "2.5"]
[Result "1/2-1/2"]
[TimeControl "5400+30"]

1. e4 c5 2.
Nf3 d6 3.
Nc3 Nf6 4.
d4 cxd4 5.
Qxd4 Nc6 6.
Qd3 g6 7.
Nd5 Bg7 8.
c3 O-O 9.
Bg5 Bg4 10.
Be2 Nxd5 11.
exd5 Ne5 12.
Nxe5 Bxe2 13. Qxe2 Bxe5 14. O-O Qd7 15. a4 Rac8 16. Rfd1 a6 17. Be3 b5 18. Bd4 Bxd4 19. Rxd4 Rc5 20. h3 1/2-1/2

[Site "Europe Echecs"]

[Event "Saint Louis Masters"]
[Date "2024.12.03"]
[White "Mikaelyan, Arman"]
[Black "Khanin, Semen"]
[WhiteElo "2507"]
[BlackElo "2568"]
[Round "2.6"]
[Result "1/2-1/2"]
[TimeControl "5400+30"]

1. d4 d5 2.
c4 e6 3. Nc3 Nf6 4. cxd5 exd5 5. Bf4 c5 6. Nf3 Nc6 7. e3 c4 8. Be2 Bb4 9. O-O O-O 10. Ne5 Ne7 11. Bf3 Ne8 12. h4 f6 13. Ng4 Bf5 14. h5 Bxc3 15.
bxc3 Nd6 16.
Bxd6 Qxd6 17. a4 b6 18. Re1 a6 19. Nh2 b5 20. Nf1 b4 21. cxb4 Rab8 22. Ng3 Bd3 23. e4 Rxb4 24. exd5 Nxd5 25. Ne4 Bxe4 26. Bxe4 Nf4 27. Qg4 Rb2 28. Re3 c3 29. g3 f5 30. Bxf5 Qf6 31. h6 g6 32. Qxf4 Qxf5 33. Qxf5 Rxf5 34. Rxc3 Rfxf2 35. Rc8+ Kf7 36. Rf1 Rxf1+ 37. Kxf1 g5 38. Rc6 Rb4 39. Rxa6 Rxd4 40. Ke2 Rb4 41. Kf3 Rc4 42. Ke3 Rg4 43. Kf2 Rb4 44. a5 Ra4 45. Kf3 Ke7 46. Ke3 Kf7 47. Kd3 g4 48. Ke3 Ke7 49. Kd3 Kf7 50. Ke3 Ke7 51. Ra7+ Kf6 52. Rxh7 Rxa5 53. Rd7 Rh5 54. Rd6+ Kg5 55. Rd5+ Kxh6 56. Rxh5+ Kxh5 57. Ke4 1/2-1/2

[Site "Europe Echecs"]

[Event "Saint Louis Masters"]
[Date "2024.12.03"]
[White "Stremavicius, Titas"]
[Black "Kacharava, Nikolozi"]
[WhiteElo "2567"]
[BlackElo "2510"]
[Round "2.7"]
[Result "1/2-1/2"]
[TimeControl "5400+30"]

1. Nf3 d5 2.
e3 Nf6 3. c4 e6 4. Nc3 dxc4 5. Bxc4 c5 6. O-O a6 7. a4 Nc6 8. Qe2 Be7 9. Rd1 e5 10. h3 O-O 11. d3 h6 12. b3 Re8 13. Nd2 Bf8 14. Nde4 Be6 15. Ba3 Nd7 16. Qf3 Rb8 17. Rab1 Qa5 18. Bb2 b5 19. axb5 axb5 20. Ra1 bxc4 21.
Rxa5 Nxa5 22. dxc4 Rxb3 23. Ba1 Nxc4 24. Nd5 Rc8 25. g4 Nd6 26. Nxd6 Bxd6 27. Qe4 c4 28. Qc2 Bf8 29. Kg2 Rb5 30. Nc3 Ra5 31. Ne4 Rca8 32. Bc3 Ra3 33. Qe2 R8a7 34. Qf3 f6 35. Qe2 Nb6 36. Rd8 Nd5 37. Qd2 Ra2 38. Qc1 Rd7 39. Rxd7 Bxd7 40. Qb1 Ra3 41. Qb7 Be6 42. Qc6 Bf7 43. Bd2 Rd3 44. Ba5 Ne7 45. Qc7 Bd5 46. Kh2 Ng6 47. Qc8 Rd1 48. Ng3 Nh4 49. e4 Nf3+ 50. Kg2 Nh4+ 51. Kh2 Nf3+ 52. Kg2 Nh4+ 1/2-1/2

[Site "Europe Echecs"]

[Event "Saint Louis Masters"]
[Date "2024.12.03"]
[White "Nyzhnyk, Illya"]
[Black "Heimann, Mark"]
[WhiteElo "2564"]
[BlackElo "2459"]
[Round "2.8"]
[Result "1/2-1/2"]
[TimeControl "5400+30"]

1. d4 Nf6 2.
Nf3 d5 3. c4 e6 4. Nc3 Bb4 5. Qa4+ Nc6 6. Bg5 h6 7. Bxf6 Qxf6 8. e3 O-O 9. Qb3 Rd8 10. a3 dxc4 11.
Qxc4 Bd6 12.
Bd3 e5 13.
d5 Nb8 14.
O-O 1/2-1/2

[Site "Europe Echecs"]

[Event "Saint Louis Masters"]
[Date "2024.12.03"]
[White "Abrahamyan, Tatev"]
[Black "Robson, Ray"]
[WhiteElo "2304"]
[BlackElo "2700"]
[Round "2.9"]
[Result "0-1"]
[TimeControl "5400+30"]

1. e4 c5 2.
Nf3 d6 3. d4 cxd4 4. Nxd4 Nf6 5. Nc3 a6 6. Be3 e5 7. Nb3 Be6 8. h3 Nc6 9. f4 exf4 10.
Bxf4 d5 11.
exd5 Nxd5 12. Nxd5 Bxd5 13. Qe2+ Be6 14. g3 Bb4+ 15. Bd2 Bxd2+ 16. Qxd2 Qxd2+ 17. Kxd2 O-O-O+ 18. Bd3 Ne5 19. Kc3 Nxd3 20. cxd3 Rd6 21. Rac1 Kb8 22. Rhf1 Rhd8 23. Nc5 Rc6 24. Kd2 Bxa2 25. b3 Rd5 26. Ne4 Rxc1 27. Kxc1 Bxb3 28. Rxf7 Rc5+ 29. Nxc5 Bxf7 30. Kb2 Kc7 31. Kc3 a5 32. Kd4 0-1

[Site "Europe Echecs"]

[Event "Saint Louis Masters"]
[Date "2024.12.03"]
[White "Sevian, Samuel"]
[Black "Harsha Bharathakoti"]
[WhiteElo "2696"]
[BlackElo "2531"]
[Round "2.10"]
[Result "1-0"]
[TimeControl "5400+30"]

1. c4 e6 2.
Nc3 d5 3. d4 Nf6 4. cxd5 exd5 5. Bg5 Bb4 6. e3 h6 7. Bh4 g5 8. Bg3 h5 9. Be5 Nbd7 10.
Bxf6 Qxf6 11. Qb3 Qb6 12. h4 g4 13. a3 Bd6 14. Qc2 c6 15. g3 Nf6 16. Bd3 Be6 17. Nge2 Qc7 18. O-O Kf8 19. Na4 Kg7 20. b4 a5 21. Rab1 axb4 22. axb4 Qe7 23. Nc5 Rhc8 24. b5 cxb5 25. Rxb5 Bd7 26. Rxb7 Bxc5 27. dxc5 Qxc5 28. Qb1 Qd6 29. Nd4 Rab8 30. Rxb8 Rxb8 31. Qa1 Re8 32. Kg2 Rb8 33. Rc1 Rc8 34. Rb1 Rb8 35. Re1 Kg8 36. Re2 Qe5 37. Qa7 Rc8 38. Rb2 Rc3 39. Bc2 Kg7 40. Qa1 Rc7 41. Rb6 Kg8 42. Bd3 Rc8 43. Ra6 Ne4 44. Ra7 Bf5 45. Ra6 Bg6 46. Qa5 Kh7 47. Rb6 Rc3 48. Qa6 Rxd3 49. Qxd3 Nxf2 50. Qf1 Qxe3 51. Qxf2 Be4+ 52. Kg1 Qc1+ 53. Qf1 Qe3+ 54. Kh2 Qd2+ 55. Ne2 Bf3 56. Qb1+ Be4 57. Qf1 Bf3 58. Qb1+ Be4 59. Qb2 Qe3 60. Ng1 d4 61. Qe2 1-0

[Site "Europe Echecs"]

[Event "Saint Louis Masters"]
[Date "2024.12.04"]
[White "Hakobyan, Aram"]
[Black "Caruana, Fabiano"]
[WhiteElo "2625"]
[BlackElo "2805"]
[Round "3.1"]
[Result "1/2-1/2"]
[TimeControl "5400+30"]

1. d4 Nf6 2.
c4 e6 3. Nf3 d5 4. Nc3 a6 5. c5 Be7 6. Bf4 Nh5 7. Be5 Nc6 8. e3 b6 9. b4 O-O 10. a3 g6 11. h3 Nxe5 12.
Nxe5 Bf6 13.
Nd3 Ng7 14.
Be2 Nf5 15.
O-O Bg7 16.
Rc1 Bd7 17.
Qd2 h5 18.
Rfd1 Qg5 19.
Ne1 a5 20.
Nf3 Qe7 21.
Bd3 axb4 22.
axb4 Nh4 23.
Nxh4 Qxh4 24. Nb5 Rfc8 25. c6 Be8 26. Ra1 Qe7 27. Qc3 Bf8 28. Na7 Rd8 29. Ra4 Bg7 30. Rda1 Rd6 31. Be2 e5 32. Bf3 Qg5 33. Nb5 Rxa4 34. Nxd6 exd4 35. exd4 Rxa1+ 36. Qxa1 cxd6 37. c7 Bd7 38. Qa8+ Kh7 39. c8=Q Bxc8 40. Qxc8 Qd2 41. Qe8 f5 42. b5 Bxd4 43. Qe2 Qc1+ 44. Qd1 Qc5 45. Qd2 h4 46. Qe1 Be5 47. Qf1 Kg7 48. Qd3 Bd4 49. Qd2 Kf6 50. Bd1 g5 51. Bc2 Be5 52. Qd3 Qc8 53. Kh1 Qe6 54. Qe3 d4 55. Qd3 Kg6 56. g4 hxg3 57. fxg3 Kf6 58. g4 fxg4 59. Qg6+ Ke7 60. Qxe6+ Kxe6 61.
hxg4 d3 62.
Bxd3 Kd5 63.
Kg2 Kd4 64.
Bf5 Kc4 65.
Bd7 d5 66.
Kf2 d4 1/2-1/2

[Site "Europe Echecs"]

[Event "Saint Louis Masters"]
[Date "2024.12.04"]
[White "Shankland, Sam"]
[Black "Zhou, Jianchao"]
[WhiteElo "2672"]
[BlackElo "2572"]
[Round "3.2"]
[Result "1-0"]
[TimeControl "5400+30"]

1. e4 c5 2. Nf3 d6 3. d4 cxd4 4. Nxd4 Nf6 5. Nc3 a6 6. Be3 e5 7. Nb3 Be7 8. f3 Be6 9. Qd2 O-O 10. O-O-O Nbd7 11. g4 b5 12. g5 Nh5 13. Kb1 Nb6 14. Na5 Rc8 15. a3 Qc7 16. Nd5 Nxd5 17.
exd5 Bxd5 18. Qxd5 Qxa5 19. Rg1 g6 20. Rg4 Nf4 21. Bxf4 exf4 22. h4 Rc5 23. Qb3 d5 24. Rxf4 Qc7 25. Rfd4 Qh2 26. f4 Rd8 27. f5 gxf5 28.
Qd3 Qf2 29.
Rd2 Qe1+ 30.
Ka2 Rc4 31.
Qxf5 Rxd4 32. Rxd4 Qe6 33. Qf3 Qe5 34. Rf4 Bf8 35. Rf5 Qe7 36. Bd3 Bg7 37. Qh5 Qe6 38. Rf1 h6 39. gxh6 Bxh6 40. Bf5 Qc6 41. Bh3 Rf8 42. Rg1+ Kh7 43. Qf5+ Kh8 44. Qe5+ 1-0

[Site "Europe Echecs"]

[Event "Saint Louis Masters"]
[Date "2024.12.04"]
[White "Robson, Ray"]
[Black "Stremavicius, Titas"]
[WhiteElo "2700"]
[BlackElo "2567"]
[Round "3.3"]
[Result "1/2-1/2"]
[TimeControl "5400+30"]

1. e4 c6 2.
d4 d5 3. e5 Bf5 4. h4 h5 5. c4 e6 6. Nc3 dxc4 7. Bxc4 Nd7 8. Nge2 Be7 9. g3 Qb6 10. Bd3 Bxd3 11.
Qxd3 c5 12.
Bf4 cxd4 13.
Nxd4 Nh6 14.
Bxh6 Rxh6 15. Nf3 O-O-O 16. Qe2 Nb8 17. O-O Nc6 18. a3 Rhh8 19. b4 Kb8 20. Rad1 Rxd1 21. Rxd1 Rd8 22. Rxd8+ Qxd8 23. Qe4 a6 24. Kg2 g6 25. b5 axb5 26. Nxb5 Qd5 27. Qxd5 exd5 28. Kf1 Kc8 29. Ke2 Kd7 30. a4 1/2-1/2

[Site "Europe Echecs"]

[Event "Saint Louis Masters"]
[Date "2024.12.04"]
[White "Cordova, Emilio"]
[Black "Sevian, Samuel"]
[WhiteElo "2531"]
[BlackElo "2696"]
[Round "3.4"]
[Result "1-0"]
[TimeControl "5400+30"]

1. Nf3 d5 2.
e3 c5 3. b3 Nc6 4. Bb2 f6 5. d4 cxd4 6. Nxd4 e5 7. Nxc6 bxc6 8. c4 Be6 9. cxd5 cxd5 10.
Bb5+ Kf7 11.
O-O Rc8 12.
Be2 Bd6 13.
Nc3 Ne7 14.
Rc1 Qb6 15.
Bh5+ g6 16.
Bf3 Qb7 17.
Bg4 f5 18.
Be2 Rhd8 19.
Qe1 Nc6 20.
Na4 Bb4 21.
Bc3 Bd6 22.
Bb2 Nb4 23.
Rxc8 Rxc8 24. f4 Nxa2 25. Qh4 Kg8 26. Qf6 Re8 27. fxe5 Bf8 28. Bd4 Qc6 29. Qg5 Rb8 30. Bd1 Nc1 31. Bxa7 Rb7 32. Bd4 Be7 33. Qg3 Rxb3 34. Nb2 Ra3 35. h4 Kf7 36. Qf4 Ra8 37. Qh6 Kg8 38. h5 Bf8 39. Qg5 Bd7 40. hxg6 Qxg6 41. Qxg6+ hxg6 42. Bf3 Rc8 43. Bxd5+ Kh7 44. Bc4 Rxc4 45. Nxc4 Ne2+ 46. Kf2 Bb5 47. Rh1+ Kg8 48. Nd6 Bd3 49. Ba1 Be7 50. e6 1-0

[Site "Europe Echecs"]

[Event "Saint Louis Masters"]
[Date "2024.12.04"]
[White "Woodward, Andy"]
[Black "Saric, Ivan"]
[WhiteElo "2530"]
[BlackElo "2669"]
[Round "3.5"]
[Result "1/2-1/2"]
[TimeControl "5400+30"]

1. d4 d6 2.
e4 Nf6 3.
Bd3 e5 4. c3 Nc6 5. Nf3 g6 6. O-O Bg7 7. dxe5 Nxe5 8. Nxe5 dxe5 9. Bg5 h6 10. Bh4 Qe7 11. Nd2 Bd7 12. Nc4 Qe6 13. Qb3 O-O-O 14.
Ne3 Qxb3 15.
axb3 a6 16.
f3 Be6 17.
Bc4 Rhe8 18.
Rfd1 Rxd1+ 19. Rxd1 Nd7 20. Bxe6 Rxe6 21. b4 Bf8 22. Kf1 h5 23. Nd5 Rd6 24. Ke2 c6 25. Ne3 Rxd1 26. Kxd1 b5 27. Kc2 Bh6 28. Nf1 Kc7 29. Be7 Nb6 30. b3 Nc8 31. Bc5 Kd7 32. Kd3 Nd6 33. Ng3 Bf4 34. Nf1 Ke6 35. Be3 Bxe3 36. Nxe3 f6 37. Nd1 Nb7 38. Kd2 a5 39. bxa5 Nxa5 40. b4 Nc4+ 41. Ke2 f5 42. g3 Kf6 43. Nf2 Nd6 44. Ke3 Ke6 45. Nd3 fxe4 46. fxe4 Nc4+ 47. Ke2 g5 48. Nc5+ Ke7 49. h3 Nd6 50. Ke3 Nc4+ 1/2-1/2

[Site "Europe Echecs"]

[Event "Saint Louis Masters"]
[Date "2024.12.04"]
[White "Theodorou, Nikolas"]
[Black "Mikaelyan, Arman"]
[WhiteElo "2600"]
[BlackElo "2507"]
[Round "3.6"]
[Result "1-0"]
[TimeControl "5400+30"]

1. Nf3 Nf6 2. c4 g6 3.
Nc3 Bg7 4.
d4 O-O 5. e4 d6 6. Be2 e5 7. O-O h6 8. dxe5 dxe5 9. Be3 Qxd1 10.
Rfxd1 Re8 11. Nd5 Nxd5 12. cxd5 c6 13. Rac1 Bd7 14. Nd2 Rd8 15. Bc5 Na6 16. Be7 Rdc8 17. Nc4 cxd5 18. exd5 e4 19. b3 f5 20. Nd6 Rxc1 21. Rxc1 Bb2 22. Rc2 Bd4 23. Nxb7 Re8 24. Bd6 Nb8 25. Nc5 Rc8 26. Kf1 Be8 27. Rc4 Ba1 28. Nxe4 Rd8 29. Be7 Rxd5 30. Rc8 Kf7 31. Bc4 Bb5 32. Nd6+ Kxe7 33. Nxb5 Rd8 34. Nxa7 Rxc8 35. Nxc8+ Kd7 36. Nb6+ Kd6 37. Bf7 g5 38. Nc4+ Ke7 39. Bd5 Nd7 40. Ke2 Ne5 41. Ne3 Kf6 42. Nc2 Bc3 43. Bb7 Nd7 44. Ne3 Nb6 45. Kd3 Be1 46. f3 Ke5 47. Nc4+ Nxc4 48. Kxc4 Kd6 49. Bc8 f4 50. b4 Kc7 51. Bf5 Kc6 52. Bg6 Bd2 53. a4 Be1 54. Be4+ Kd6 55. Kb5 Kc7 56. a5 Bd2 57. Bg6 Be1 58. Be8 Bd2 59. Ka4 Kd6 60. Bg6 Be1 61. Be4 Bd2 62. Bh7 Be1 63. Kb3 Bd2 64. Bg8 Be1 65. Kc4 Bd2 66. Kb5 Kc7 67. Ba2 Be1 68. Bb1 Bd2 69. Ka4 Kd6 70. Bd3 Be1 71. Bf1 Bd2 72. Kb5 Kc7 73. g4 fxg3 74. hxg3 h5 75. Ka4 g4 76. f4 h4 77. gxh4 Bxf4 78. h5 g3 79. Bg2 Bd2 80. b5 Kd6 81. a6 Be3 82. h6 1-0

[Site "Europe Echecs"]

[Event "Saint Louis Masters"]
[Date "2024.12.04"]
[White "Can, Isik"]
[Black "Vazquez, Guillermo"]
[WhiteElo "2499"]
[BlackElo "2569"]
[Round "3.7"]
[Result "1/2-1/2"]
[TimeControl "5400+30"]

1. e4 c6 2.
d4 d5 3. e5 Bf5 4. h4 h5 5. Bd3 Bxd3 6. Qxd3 Qa5+ 7. Nd2 e6 8. Ngf3 Nh6 9. O-O Nf5 10. Nb3 Qb5 11. Qd1 c5 12. a4 Qb6 13. a5 Qb5 14. dxc5 Bxc5 15.
Nxc5 Qxc5 16. c3 Nc6 17. Re1 Rd8 18. a6 b5 19. Be3 Nxe3 20. Rxe3 g6 21. b4 Qb6 22. Nd4 Rc8 23. Nb3 1/2-1/2

[Site "Europe Echecs"]